 Dungeon Crawl Stone Soup version 0.20.1-1-g8b1a95d (webtiles) character file.

58 fili the Grave Robber (level 3, -2/19 HPs)
             Began as a Deep Elf Necromancer on Sept 16, 2017.
             Slain by a rat (3 damage)
             ... on level 2 of the Dungeon.
             The game lasted 00:14:18 (2601 turns).

fili the Grave Robber (Deep Elf Necromancer)        Turns: 2601, Time: 00:14:18

Health: -2/19      AC:  2    Str:  5    XL:     3   Next: 76%
Magic:  10/10      EV: 13    Int: 20    God:
Gold:   43         SH:  0    Dex: 15    Spells: 4/9 levels left

rFire    . . .     SeeInvis .   a - +0 dagger
rCold    . . .     Gourm    .   (no shield)
rNeg     . . .     Faith    .   h - +0 robe
rPois    .         Spirit   .   (no helmet)
rElec    .         Reflect  .   (no cloak)
rCorr    .         Harm     .   (no gloves)
MR       .....                  (no boots)
Stlth    ++........             (no amulet)
Regen    0.1/turn               k - ring of loudness (curse)
MPRegen  0.2/turn               (no ring)

@: no status effects
A: no striking features
a: no special abilities


You were on level 2 of the Dungeon.
You were not hungry.

You visited 1 branch of the dungeon, and saw 2 of its levels.

You collected 43 gold pieces.

Inventory:

Hand Weapons
 a - a +0 dagger (weapon)
 b - a +0 hunting sling
 f - a +0 club
Missiles
 i - 47 stones (quivered)
Armour
 h - a +0 robe (worn)
Jewellery
 k - a cursed ring of loudness (left hand)
Scrolls
 g - a scroll of identify
 n - a scroll of fog {unknown}
 q - 3 scrolls of noise {unknown}
Potions
 d - a potion of resistance
 e - a potion of lignification {unknown}
 m - a potion of degeneration {unknown}
 p - a potion of haste {unknown}
Books
 j - a book of Necromancy

   Spells                             Type                      Level
   a - Pain                           Necromancy                   1
   b - Animate Skeleton               Necromancy                   1
   c - Vampiric Draining              Necromancy                   3
   d - Regeneration                   Charms/Necromancy            3
   e - Animate Dead                   Necromancy                   4
   f - Control Undead                 Necromancy                   4
Comestibles
 c - 2 bread rations
 l - a meat ration
 o - a chunk of flesh


   Skills:
 - Level 2.4 Dodging
 + Level 4.0 Stealth
 + Level 3.8 Spellcasting
 + Level 5.3 Necromancy


You had 4 spell levels left.
You knew the following spells:

 Your Spells              Type           Power        Failure   Level  Hunger
a - Pain                  Necr           ####         1%          1    None
b - Regeneration          Chrm/Necr      ##........   13%         3    ###....
c - Animate Skeleton      Necr           N/A          1%          1    None


Dungeon Overview and Level Annotations

Branches:
Dungeon (2/15)

Altars:


Message History

A rat is nearby!
You are too injured to fight recklessly!
Found a stone staircase leading down.
The rat bites you.
* * * LOW HITPOINT WARNING * * *
The rat closely misses you. The rat barely misses you. The rat bites you.
* * * LOW HITPOINT WARNING * * *
The rat bites you.
* * * LOW HITPOINT WARNING * * *
The rat barely misses you. The rat bites you.
* * * LOW HITPOINT WARNING * * *
The rat closely misses you. The rat closely misses you. The rat misses you.
The rat misses you. The rat bites you.
You die...

### .. ########.#
#.....(#.#####> ###.
#..Z@r......
......#.#.#####.
#.####.#.# #......#.. #
##.######## #.# #.##(#.##
#.#
..###.############.#####
###.#Z##.......<........#
#.###......###...###.##


You could see a rat and a friendly bat skeleton.

Vanquished Creatures
  A worm (D:2)
  5 dart slugs (D:1)
  3 leopard geckos (D:1)
  A ball python (D:1)
  6 goblins (D:1)
  6 hobgoblins (D:1)
  4 jackals (D:1)
  5 bats
  A frilled lizard (D:1)
  4 kobolds
  2 rats (D:1)
38 creatures vanquished.

Vanquished Creatures (collateral kills)
  A rat (D:2)
1 creature vanquished.

Grand Total: 39 creatures vanquished

Notes
Turn   | Place    | Note
-------+----------+-------------------------------------------
     0 | D:1      | fili the Deep Elf Necromancer began the quest for the Orb.
     0 | D:1      | Reached XP level 1. HP: 10/10 MP: 6/6
   186 | D:1      | Reached skill level 5 in Necromancy
   575 | D:1      | Reached XP level 2. HP: 6/15 MP: 4/8
  1628 | D:1      | Reached XP level 3. HP: 15/19 MP: 3/9
  2305 | D:1      | Learned a level 3 spell: Regeneration
  2307 | D:1      | Learned a level 1 spell: Animate Skeleton
  2601 | D:2      | Slain by a rat

Skill      XL: |  1  2  3 |
---------------+----------+-----
Necromancy     | 5 |  5.3
Stealth        | 3 4 |  4.0
Dodging        | |  2.4
Spellcasting   | |  3.8

Action                   || total
-------------------------++-------
Melee: Dagger            ||    55
 Fire: Hunting sling     ||    15
Throw: Stone             ||     7
 Cast: Pain              ||    65
       Animate Skeleton  ||     2
  Use: Scroll            ||     1
  Eat: Chunk             ||     5
Armor: Robe              ||    19
Dodge: Dodged            ||    79
